 Dungeon Crawl Stone Soup version 0.29.0-15-g675c0067aa (webtiles) character file.

Game seed: 4712575807967458345

1881 qw the Cleaver (level 8, -5/105 HPs)
             Began as a Minotaur Berserker on Sept 13, 2022.
             Was a Believer of Trog.
             Slain by a killer bee (8 damage)
             ... on level 9 of the Dungeon.
             The game lasted 00:01:40 (5867 turns).

qw the Cleaver (Minotaur Berserker)                 Turns: 5867, Time: 00:01:41

Health: -5/105     AC:  7    Str: 25    XL:     8   Next: 91%
Magic:  7/7        EV:  7    Int:  4    God:    Trog [**....]
Gold:   307        SH:  9    Dex:  9    Spells: 7/7 levels left

rFire   . . .      SeeInvis +   Y - +1 war axe (venom)
rCold   . . .      Faith    .   k - +0 kite shield
rNeg    . . .      Spirit   .   g - +3 chain mail
rPois   .          Reflect  .   (helmet restricted)
rElec   .          Harm     .   (no cloak)
rCorr   .          Rampage  .   j - +2 pair of gloves
Will    .....                   (no boots)
Stlth   ..........              (no amulet)
HPRegen 0.27/turn               f - ring of see invisible
MPRegen 0.10/turn               (no ring)

@: berserking, lethally poisoned (-5 -> -12), corroded, very quick
A: horns 2, retaliatory headbutt
a: Renounce Religion, Berserk, Trog's Hand


You were on level 9 of the Dungeon.
You worshipped Trog.
Trog was pleased with you.
You visited 1 branch of the dungeon, and saw 7 of its levels.

You collected 307 gold pieces.


Innate Abilities, Weirdness & Mutations

You have a pair of horns on your head.
You reflexively headbutt those who attack you in melee.


   Skills:
 - Level 6.1 Fighting
 + Level 10.7 Axes
 - Level 1.0 Throwing
 - Level 3.4 Armour
 - Level 2.1 Dodging
 - Level 7.4 Shields


You had 7 spell levels left.
You didn't know any spells.
Your spell library was empty.

Inventory:

Hand Weapons
 l - a +0 whip of freezing
 Y - a +1 war axe of venom (weapon)
Missiles
 i - 2 silver boomerangs (quivered)
Armour
 g - a +3 chain mail (worn)
 j - a +2 pair of gloves (worn)
 k - a +0 kite shield (worn)
Jewellery
 f - a ring of see invisible (left hand)
 h - a ring of fire
Scrolls
 a - a scroll of identify
 d - 3 scrolls of teleportation
 e - a scroll of magic mapping {unknown}
Potions
 b - 2 potions of mutation
 c - 2 potions of curing {unknown}
 m - a potion of heal wounds {unknown}

Dungeon Overview and Level Annotations

Branches:
Dungeon (9/15)
 Temple: D:4-7         Lair: D:8-11         Orc: D:9-12

Altars:
Cheibriados
Gozag
Hepliaklqana
Kikubaaqudgha
Makhleb
Nemelex Xobeh
Ru
Zin
The Shining One

Shops:
D:1 :   D:3 =   D:9 *

Annotations:
D:9 Maggie


Message History

You block the killer bee's attack.
You hit the killer bee.
You kill the killer bee!
Trog accepts your kill.
You closely miss the killer bee. x2
You feel very sick.
The killer bee stings you but does no damage.
The killer bee stings you.
Maggie casts a spell.
You miss the killer bee. x2
You feel sick. The killer bee stings you.
The killer bee stings you but does no damage.
You miss the killer bee. Your headbutt misses the killer bee.
You closely miss the killer bee. You closely miss the howler monkey.
You feel sick. The killer bee barely misses you. You furiously retaliate!
You headbutt the killer bee! The killer bee stings you.
You block the howler monkey's attack.
The howler monkey hoots and howls with incredible vigour!
The killer bee stings you but does no damage.
The killer bee barely misses you.
You hear a shout!
You hear a loud, deep croak!
You hear a shout!
You hear a bellow!
You closely miss the killer bee. Your headbutt misses the killer bee.
The killer bee is heavily wounded.
You hit the killer bee.
The killer bee is poisoned.
You hit the howler monkey but do no damage.
The howler monkey is poisoned.
You feel sick.
The killer bee stings you but does no damage.
You block the killer bee's attack.
The howler monkey hits you but does no damage.
You slice the killer bee!!
You kill the killer bee!
Trog accepts your kill.
You hit the killer bee.
The killer bee is poisoned.
You slash the howler monkey!
You kill the howler monkey!
Trog accepts your kill.
You feel sick. The killer bee closely misses you. You block Maggie's attack.
The killer bee stings you!
You die...

... ## .. . .. ..#..
#.###### .....
#...... ..<.
#..#...#@.# .
#...#.#h.## ...
##....\@y..###
....##....#.#%......
....#...#...#....#. #
#.................
#.# #.##.#.#.....(>##
...###..............#
#....##.#.........#
#.#..##.##........#
#.......##.........


You could see Maggie, a howler monkey (catching breath) and a killer bee (very
poisoned).

Vanquished Creatures
  Pikel (D:6)
  Grinder (D:4)
  An acid dragon (D:9)
  A black bear (D:5)
  A sky beast (D:6)
  An ogre (D:6)
  A phantom (D:5)
  2 scorpions (D:5)
  2 necrophages
  3 killer bees (D:9)
  A howler monkey (D:9)
  6 hounds
  An orc priest (D:4)
  3 iguanas
  An orc wizard (D:4)
  Terence (D:2)
  3 adders
  2 ufetubi
  A worm (D:4)
  A dart slug (D:2)
  3 orcs (D:4)
  3 endoplasms
  4 giant cockroaches
  3 goblins
  6 hobgoblins
  4 jackals (D:3)
  3 quokkas
  5 ball pythons
  5 bats
  2 frilled lizards (D:3)
  5 kobolds
  4 rats
81 creatures vanquished.

Vanquished Creatures (others)
  10 plants
10 creatures vanquished.

Grand Total: 91 creatures vanquished

Notes
Turn   | Place    | Note
-------+----------+-------------------------------------------
     0 | D:1      | qw the Minotaur Berserker began the quest for the Orb.
     0 | D:1      | Reached XP level 1. HP: 19/19 MP: 0/0
     0 | D:1      | 0 ||| qw: Version: 0.1-a-119-g272c26d
     0 | D:1      | 0 ||| qw: Game counter: 11067
     0 | D:1      | 0 ||| qw: Always use a shield: true
     0 | D:1      | 0 ||| qw: Do Orc after D:15 true
     0 | D:1      | 0 ||| qw: Do second Lair branch before Depths: true
     0 | D:1      | 0 ||| qw: Lair rune preference: random
     0 | D:1      | 0 ||| qw: Plans: Normal
     0 | D:1      | 0 ||| PLANNING D:1-11
   359 | D:1      | Reached skill level 4 in Axes
   599 | D:1      | 599 ||| Stepping ~*~*~tactically~*~*~ (stealth).
   605 | D:1      | 605 ||| Stepping ~*~*~tactically~*~*~ (stealth).
   608 | D:1      | Reached XP level 2. HP: 24/26 MP: 1/1
   849 | D:1      | Found Pusim's Book Boutique.
   859 | D:1      | 859 ||| UPGRADING to +0 ring mail.
   869 | D:1      | 869 ||| DROPPING +0 animal skin.
   870 | D:1      | 870 ||| READING scroll labelled DESTEATONE.
   871 | D:1      | 871 ||| READING scroll labelled GYICYNE EQISY.
   872 | D:1      | 872 ||| READING scroll labelled GEXE UMIMMUOX.
  1174 | D:2      | Reached skill level 5 in Axes
  1253 | D:2      | Found a glowing golden altar of the Shining One.
  1357 | D:2      | Reached XP level 3. HP: 31/31 MP: 2/2
  1395 | D:2      | 1395 ||| Stepping ~*~*~tactically~*~*~ (stealth).
  1396 | D:2      | 1396 ||| Stepping ~*~*~tactically~*~*~ (stealth).
  1401 | D:2      | Reached ** piety under Trog
  1407 | D:2      | 1407 ||| DROPPING +0 club.
  1587 | D:2      | Noticed Terence
  1592 | D:2      | 1592 ||| INVOKING Berserk.
  1594 | D:2      | Killed Terence
  2003 | D:2      | 2003 ||| UPGRADING to +0 leather armour of poison
                  | resistance.
  2013 | D:2      | 2013 ||| UPGRADING to ring of see invisible.
  2014 | D:2      | 2014 ||| DRINKING 2 red potions.
  2015 | D:2      | 2015 ||| READING 3 scrolls of identify.
  2015 | D:2      | 2015 ||| IDENTIFYING yellow potion
  2016 | D:2      | 2016 ||| READING 2 scrolls of identify.
  2016 | D:2      | 2016 ||| IDENTIFYING golden potion
  2017 | D:2      | 2017 ||| DROPPING potion of berserk rage.
  2018 | D:2      | 2018 ||| DROPPING potion of brilliance.
  2181 | D:3      | Found a sparkling altar of Nemelex Xobeh.
  2335 | D:3      | Found Ushryrim's Jewellery Emporium.
  2344 | D:3      | 2344 ||| SHOPLISTING +4 ring of evasion (504 gold, have
                  | 130).
  2344 | D:3      | 2344 ||| SHOPLISTING +4 ring of protection (504 gold, have
                  | 130).
  2344 | D:3      | 2344 ||| SHOPLISTING amulet of guardian spirit (420 gold,
                  | have 130).
  2344 | D:3      | 2344 ||| SHOPLISTING ring "Ficaimiu" {rElec Will+ Slay+4}
                  | (781 gold, have 130).
  2344 | D:3      | 2344 ||| SHOPLISTING ring of Prescription {rN+ rCorr Str+4
                  | Int+3 SInv} (701 gold, have 130).
  2344 | D:3      | 2344 ||| SHOPLISTING ring of Xom's Whimsicality {rF+ Dex+2}
                  | (506 gold, have 130).
  2344 | D:3      | 2344 ||| SHOPLISTING ring of poison resistance (280 gold,
                  | have 130).
  2344 | D:3      | 2344 ||| SHOPLISTING ring of protection from cold (350
                  | gold, have 130).
  2565 | D:3      | Reached XP level 4. HP: 39/39 MP: 3/3
  2600 | D:3      | Reached skill level 6 in Axes
  2634 | D:3      | Found an opulent altar of Gozag.
  2635 | D:3      | Found a glowing silver altar of Zin.
  2681 | D:3      | 2681 ||| DROPPING +0 ring mail.
  2682 | D:3      | 2682 ||| UPGRADING to +3 chain mail.
  2692 | D:3      | 2692 ||| DROPPING +0 leather armour of poison resistance.
  2693 | D:3      | 2693 ||| UPGRADING to +2 pair of gloves.
  2698 | D:3      | 2698 ||| READING scroll labelled UNTUWI OXAM.
  2699 | D:3      | 2699 ||| READING 2 scrolls labelled OGAWINUORR.
  2700 | D:3      | 2700 ||| DROPPING scroll of blinking.
  2739 | D:4      | 2739 ||| STAIRDANCE
  2745 | D:4      | 2745 ||| STAIRDANCE
  2764 | D:4      | 2764 ||| STAIRDANCE
  2810 | D:4      | Found a hazy altar of Hepliaklqana.
  2851 | D:4      | Found a burning altar of Makhleb.
  3083 | D:4      | Noticed Grinder
  3084 | D:4      | 3084 ||| Stepping ~*~*~tactically~*~*~ (hiding).
  3086 | D:4      | 3086 ||| INVOKING Berserk.
  3097 | D:4      | 3097 ||| INVOKING Trog's Hand.
  3100 | D:4      | Killed Grinder
  3101 | D:4      | Reached skill level 8 in Axes
  3101 | D:4      | Reached XP level 5. HP: 43/45 MP: 4/4
  3101 | D:4      | Reached XP level 6. HP: 48/51 MP: 5/5
  3406 | D:4      | Found a snail-covered altar of Cheibriados.
  3407 | D:4      | Found an ancient bone altar of Kikubaaqudgha.
  3408 | D:4      | Found a sacrificial altar of Ru.
  3424 | D:4      | 3424 ||| Stepping ~*~*~tactically~*~*~ (stealth).
  3464 | D:4      | 3464 ||| Stepping ~*~*~tactically~*~*~ (hiding).
  3468 | D:4      | 3468 ||| Stepping ~*~*~tactically~*~*~ (hiding).
  3472 | D:4      | 3472 ||| INVOKING Berserk.
  3477 | D:4      | Reached skill level 1 in Throwing
  3675 | D:4      | 3675 ||| SWAPPING to +0 war axe.
  3676 | D:4      | 3676 ||| DROPPING +0 hand axe.
  3769 | D:4      | 3769 ||| READING scroll labelled JOCVIMN IBAABRYAMI.
  3770 | D:4      | 3770 ||| DRINKING 2 metallic coppery potions.
  3798 | D:4      | 3798 ||| DROPPING potion of lignification.
  3838 | D:5      | Entered Level 5 of the Dungeon
  3839 | D:5      | 3839 ||| PLANNING OSSUARY
  3875 | D:5      | Reached skill level 9 in Axes
  3952 | D:5      | Reached skill level 3 in Armour
  3952 | D:5      | Reached XP level 7. HP: 47/59 MP: 6/6
  4053 | D:5      | 4053 ||| Stepping ~*~*~tactically~*~*~ (stealth).
  4235 | D:5      | 4235 ||| INVOKING Berserk.
  4538 | D:5      | Reached skill level 10 in Axes
  4566 | D:5      | 4566 ||| RIP OSSUARY
  4687 | D:5      | 4687 ||| PLANNING D:1-11
  5114 | D:5      | Reached skill level 6 in Fighting
  5382 | D:5      | 5382 ||| UPGRADING to +0 kite shield.
  5387 | D:5      | 5387 ||| READING scroll labelled ICENNU OZAR.
  5388 | D:5      | 5388 ||| READING scroll labelled LIER UKLEMAPA.
  5489 | D:5      | 5489 ||| READING scroll labelled TAB ROSHUEPN.
  5540 | D:6      | Reached skill level 1 in Shields
  5540 | D:6      | Reached XP level 8. HP: 70/70 MP: 7/7
  5559 | D:6      | Reached skill level 3 in Shields
  5618 | D:6      | Noticed Pikel
  5620 | D:6      | 5620 ||| Stepping ~*~*~tactically~*~*~ (stealth).
  5622 | D:6      | 5622 ||| Stepping ~*~*~tactically~*~*~ (stealth).
  5624 | D:6      | 5624 ||| INVOKING Berserk.
  5627 | D:6      | Killed Pikel
  5628 | D:6      | Reached skill level 6 in Shields
  5737 | D:6      | 5737 ||| DROPPING +0 whip.
  5755 | D:6      | 5755 ||| INVOKING Berserk.
  5840 | D:6      | You fall into a shaft and drop 3 floors!
  5846 | D:9      | Found Loculela's Assorted Antiques.
  5858 | D:9      | Noticed Maggie
  5860 | D:9      | 5860 ||| INVOKING Berserk.
  5861 | D:9      | 5861 ||| INVOKING Berserk.
  5862 | D:9      | HP: 25/105 [poisoned by a killer bee]
  5864 | D:9      | HP: 10/105 [killer bee (3)]
  5867 | D:9      | HP: 3/105 [poisoned by a killer bee]
  5867 | D:9      | Slain by a killer bee

Levels and vault maps discovered:
D:1:      beargit_arrival_greenhouse, layout_basic, serial_shops,
          nicolae_square_shop, minmay_misc_feat_roman, minmay_misc_feat_iff,
          minmay_misc_feat_rows
D:2:      layout_basic, basic_altar, uniq_terence
D:3:      layout_basic, grunt_temple_overflow_gold_and_silver,
          mainiacjoe_overflow_24_doors, serial_shops, shop,
          minmay_misc_feat_more_columns
D:4:      cheibrodos_quashed, layout_loops_ring,
          nicolae_hepliaklqana_hazy_memory, bloody_makhleb,
          gammafunk_temple_overflow_claw, kennysheep_generic_room_8,
          uniq_grinder
D:5:      layout_loops_corners, serial_rivers, chequers_serial_rivers_micro_a,
          chequers_serial_rivers_micro_e, chequers_serial_rivers_micro_d,
          chequers_serial_rivers_small_3, chequers_serial_rivers_room_b,
          chequers_ossuary_entry_cave, chequers_big_river
D:6:      layout_gridville, minmay_temple_entry_glassed_door, uniq_pikel
D:9:      layout_rooms, nicolae_overflow_crystal_walls,
          ebering_ghost_reflecting_pool, serial_shops,
          nicolae_shop_advertising_works [nicolae_subvault_shop_adworks],
          minmay_starry_boxes, uniq_maggie

Skill      XL: |  1  2  3  4  5  6  7  8 |
---------------+-------------------------+-----
Axes           | 4 5 8 9 10 | 10.7
Fighting       | 4 6 |  6.1
Throwing       | 1 |  1.0
Armour         | 3 |  3.4
Shields        | 1 7 |  7.4
Dodging        | |  2.1

Action                   |  1- 3 |  4- 6 |  7- 9 || total
-------------------------+-------+-------+-------++-------
Melee: Hand axe          |    71 |    67 |       ||   138
       Headbutt          |     9 |    19 |    10 ||    38
       War axe           |       |     9 |    62 ||    71
       Punch             |       |       |     1 ||     1
Throw: Boomerang         |       |     4 |    27 ||    31
Invok: Berserk           |     1 |     2 |     4 ||     7
       Trog's Hand       |       |     1 |       ||     1
  Use: Scroll            |     5 |     3 |     3 ||    11
       Potion            |     1 |     1 |       ||     2
Armor: Animal skin       |     1 |       |       ||     1
       Ring mail         |    10 |       |       ||    10
       Leather armour    |     3 |     1 |       ||     4
       Chain mail        |       |    39 |    35 ||    74
Dodge: Dodged            |    35 |    20 |    35 ||    90
Block: Kite shield       |       |       |    13 ||    13

Table legend:
 A = Non-vault XP
 B = Vault XP
 C = Vault XP percentage of total XP
 D = Non-vault monster count
 E = Vault monster count
 F = Vault count percentage of total count
                 A         B        C        D         E       F
            +---------+---------+-------+---------+---------+-------
      Total |    1801 |    1000 |  35.7 |      78 |       3 |   3.7
            +---------+---------+-------+---------+---------+-------
        D:1 |      14 |       0 |   0.0 |       9 |       0 |   0.0
        D:2 |      39 |      32 |  45.1 |      16 |       1 |   5.9
        D:3 |      22 |       0 |   0.0 |      12 |       0 |   0.0
        D:4 |     224 |     295 |  56.8 |      17 |       1 |   5.6
        D:5 |     771 |       0 |   0.0 |      16 |       0 |   0.0
        D:6 |     330 |     673 |  67.1 |       3 |       1 |  25.0
        D:9 |     401 |       0 |   0.0 |       5 |       0 |   0.0
            +---------+---------+-------+---------+---------+-------
